 Dungeon Crawl Stone Soup version 0.31-a0-726-g3c93526463 (webtiles) character file.

Game seed: 16606248838718193908

2998 Gargoyl the Cleaver (level 9, -2/56 HPs)
             Began as a Gargoyle Berserker on Sept 11, 2023.
             Was an Elder of Trog.
             Slain by an orc warrior
             ... wielding a +0 glaive
              (13 damage)
             ... in a bailey.
             The game lasted 00:08:32 (6619 turns).

Gargoyl the Cleaver (Gargoyle Berserker)            Turns: 6619, Time: 00:08:33

Health: -2/56      AC: 19    Str: 21    XL:     9   Next: 84%
Magic:  9/9        EV: 12    Int:  8    God:    Trog [****..]
Gold:   533        SH:  0    Dex: 19    Spells: 8/8 levels left

rFire   . . .        u - +4 hand axe
rCold   . . .        (no shield)
rNeg    + . .        A - +3 scale mail
rPois   ∞            (no helmet)
rElec   +            (no cloak)
rCorr   .            (no gloves)
SInv    .            p - +1 pair of boots
Will    .....        (no amulet)
Stlth   +            e - +6 ring of dexterity
HPRegen 0.29/turn    (no ring)
MPRegen 0.11/turn

%: no passive effects
@: no status effects
A: sickness immunity, AC +6, negative energy resistance 1, electricity
resistance, torment resistance 1, petrification resistance
a: Renounce Religion, Berserk, Trog's Hand, Brothers in Arms


You were in a bailey.
You worshipped Trog.
Trog was greatly pleased with you.
You visited 1 branch of the dungeon, and saw 8 of its levels.
You also visited: Bailey.

You collected 533 gold pieces.

Inventory:

Hand Weapons
 a - a +0 hand axe of protection
 u - a +4 hand axe (weapon)
Armour
 p - a +1 pair of boots (worn)
 A - a +3 scale mail (worn)
Jewellery
 e - a +6 ring of dexterity (left hand)
 y - an amulet of faith
Wands
 g - a wand of charming (10)
 r - a wand of flame (22)
 t - a wand of roots (11)
Scrolls
 d - 2 scrolls of teleportation
 j - a scroll of torment
 o - a scroll of blinking
 q - 4 scrolls of identify
 s - a scroll of brand weapon
 v - a scroll of revelation
 z - a scroll of fog {unknown}
Potions
 b - 3 potions of lignification
 c - 2 potions of enlightenment {unknown}
 f - a potion of haste {unknown}
 h - 2 potions of cancellation {unknown}
 i - 3 potions of mutation {unknown}
 k - 2 potions of attraction {unknown}
 l - a potion of heal wounds {unknown}
 m - 5 potions of curing {unknown}
 n - 2 potions of magic {unknown}
 w - 2 potions of ambrosia {unknown}
 x - a potion of brilliance {unknown}


   Skills:
 + Level 6.7 Fighting
 + Level 9.3 Axes
 + Level 7.0 Armour
 + Level 3.5 Dodging
 + Level 1.8 Stealth


You had 8 spell levels left.
You didn't know any spells.
Your spell library was empty.

Dungeon Overview and Level Annotations

Branches:
Dungeon (8/15)             Temple (0/1) D:7          Bailey (1/1)
   Lair: D:8-11

Altars:
Cheibriados
Elyvilon
Fedhas
Gozag
Kikubaaqudgha
Makhleb
Qazlal
Ru
Sif Muna
Uskayaw
Vehumet
Xom
Zin
The Shining One

Shops:
D:3 :


Innate Abilities, Weirdness & Mutations

You are immune to sickness and miasma.
Your stone body is resilient. (AC +6)
You are immune to poison.
You resist negative energy. (rN+)
You are resistant to electric shocks. (rElec)
You are resistant to unholy torment.
You are immune to petrification.


Message History

The orc warrior is severely wounded.
You slash the orc warrior!
You kill the orc warrior!
Trog accepts your kill.
Things that are here:
a +0 spear; a +0 plate armour; an orc corpse The orc warrior hits you with a +0 glaive.
You hit the orc warrior but do no damage.
The orc warrior completely misses you.
You hit the orc warrior but do no damage.
The orc warrior hits you with a +0 glaive.
You barely miss the orc warrior.
The orc warrior hits you with a +0 glaive.
You hit the orc warrior.
The orc warrior is lightly wounded.
The orc warrior barely misses you.
You hit the orc warrior but do no damage.
The orc warrior is lightly wounded.
The orc warrior hits you but does no damage.
You barely miss the orc warrior.
The orc warrior is lightly wounded.
You hit the orc warrior.
The orc warrior is lightly wounded.
The orc warrior hits you but does no damage.
You hit the orc warrior but do no damage.
The orc warrior is lightly wounded.
The orc warrior barely misses you.
You closely miss the orc warrior.
The orc warrior is lightly wounded.
The orc warrior hits you with a +0 glaive!
You hit the orc warrior.
The orc warrior is moderately wounded.
The orc warrior hits you with a +0 glaive!
* * * LOW HITPOINT WARNING * * *
You slash the orc warrior!
The orc warrior is severely wounded.
You barely miss the orc warrior.
The orc warrior is severely wounded.
The orc warrior hits you with a +0 glaive!
You die...

##.≈.≈≈..≈≈≈≈≈..≈≈..⌠ #.
#.≈≈.≈≈≈.....≈≈≈...≈ #..
#..≈≈..≈≈≈≈≈≈≈....≈≈
#...#.⌠.≈≈≈.......≈≈..≈#
#...##....≈≈≈≈≈≈≈≈≈...≈#
#....##### ..........≈#
#.......⌠##########'####
#....o.)..............#
#....@))............##
##≈≈≈≈≈≈≈≈≈≈≈≈≈≈≈≈≈##
###################


You could see an orc warrior.

Vanquished Creatures
  A shadow (D:8)
  A steam dragon (D:8)
  A water moccasin (D:8)
  3 sky beasts
  An ice beast (D:7)
  A black bear (D:6)
  An orc warrior (Bailey)
  2 ogres (D:5)
  A phantom (D:6)
  2 kobold brigands
  2 bullfrogs (D:7)
  2 scorpions
  3 wights (D:6)
  3 killer bees (D:7)
  3 howler monkeys (D:7)
  4 hounds
  A quasit (D:8)
  An orc priest (D:5)
  3 jellies
  2 gnoll boudas
  3 iguanas
  An iron imp (D:7)
  Jessica (D:3)
  10 orc wizards
  Ijyb (D:5)
  9 gnolls
  7 adders
  A shadow imp (D:7)
  A white imp (D:7)
  4 ufetubi
  A dart slug (D:1)
  28 orcs
  3 ball pythons (D:1)
  5 bats
  5 endoplasms
  4 giant cockroaches
  13 goblins
  4 hobgoblins
  3 jackals (D:5)
  10 kobolds
  6 quokkas
  3 frilled lizards
  A goblin zombie (D:8)
  2 hobgoblin zombies (D:8)
  A kobold skeleton (D:8)
  A kobold zombie (D:8)
  An orc skeleton (D:8)
  4 orc zombies (D:8)
  4 rats
175 creatures vanquished.

Notes
Turn   | Place    | Note
-------+----------+-------------------------------------------
     0 | D:1      | Gargoyl the Gargoyle Berserker began the quest for the Orb.
     0 | D:1      | Reached XP level 1. HP: 14/14 MP: 1/1
   223 | D:1      | Reached XP level 2. HP: 19/19 MP: 2/2
   290 | D:1      | Reached skill level 3 in Axes
   731 | D:1      | Reached XP level 3. HP: 23/23 MP: 3/3
   804 | D:1      | Reached ** piety under Trog
  1171 | D:2      | Reached skill level 1 in Stealth
  1306 | D:2      | Reached XP level 4. HP: 29/29 MP: 4/4
  1331 | D:2      | Found a faded altar of an unknown god.
  1615 | D:3      | Noticed Jessica
  1624 | D:3      | Killed Jessica
  1818 | D:3      | Found an opulent altar of Gozag.
  2251 | D:3      | Found an ancient bone altar of Kikubaaqudgha.
  2258 | D:3      | Reached XP level 5. HP: 31/33 MP: 5/5
  2266 | D:3      | Found a shimmering blue altar of Sif Muna.
  2278 | D:3      | Reached skill level 4 in Axes
  2294 | D:3      | Reached XP level 6. HP: 20/39 MP: 6/6
  2381 | D:3      | Found a radiant altar of Vehumet.
  2455 | D:3      | Found Wule Ley's Book Emporium.
  2709 | D:4      | Found a stormy altar of Qazlal.
  2719 | D:4      | Found a blossoming altar of Fedhas.
  2743 | D:4      | Reached *** piety under Trog
  3483 | D:5      | Entered Level 5 of the Dungeon
  3492 | D:5      | Found a snail-covered altar of Cheibriados.
  3597 | D:5      | Found a hide-covered altar of Uskayaw.
  3611 | D:5      | Reached XP level 7. HP: 39/44 MP: 7/7
  3719 | D:5      | Reached skill level 5 in Axes
  3782 | D:5      | Noticed Ijyb
  3797 | D:5      | Killed Ijyb
  3871 | D:5      | Reached skill level 5 in Armour
  4110 | D:5      | Found a white marble altar of Elyvilon.
  4111 | D:5      | Found a shimmering altar of Xom.
  4351 | D:5      | Reached skill level 6 in Axes
  4536 | D:6      | Reached XP level 8. HP: 48/48 MP: 8/8
  4618 | D:6      | Reached skill level 5 in Fighting
  4629 | D:6      | Reached skill level 7 in Axes
  4876 | D:6      | Found a glowing silver altar of Zin.
  5201 | D:7      | Reached skill level 8 in Axes
  5201 | D:7      | Reached XP level 9. HP: 50/55 MP: 9/9
  5563 | D:7      | Found a burning altar of Makhleb.
  6041 | D:7      | Found a staircase to the Ecumenical Temple.
  6114 | D:8      | Reached **** piety under Trog
  6147 | D:8      | Found a glowing golden altar of the Shining One.
  6154 | D:8      | Reached skill level 9 in Axes
  6393 | D:8      | Found a sacrificial altar of Ru.
  6429 | D:8      | Found a flagged portal.
  6454 | Bailey   | Entered a bailey
  6619 | Bailey   | Slain by an orc warrior

Illustrated notes

Levels and vault maps discovered:
D:1:      dpeg_arrival_houses_and_road, layout_loops_corners,
          serial_bayou_pond_d
D:2:      layout_basic, ebering_ecumenical_altar_rust
D:3:      layout_loops_corners, palyth_temple_overflow_mages,
          lemuel_round_altar, serial_shops, nicolae_square_shop, uniq_jessica
D:4:      layout_basic, grunt_temple_overflow_forces_of_nature
D:5:      layout_cave_pods, general_overflow_altar, grunt_temple_overflow_open,
          uniq_ijyb
D:6:      minmay_recursive_quarters, layout_rooms, kennysheep_mini
D:7:      layout_rooms, makhleb_grotto_becter, minmay_temple_entry_offerings
D:8:      layout_loops_ring, mainiacjoe_overflow_surrounded_room,
          nicolae_tso_besieged_by_evil, enter_bailey_5, uniq_joseph
Bailey:   bailey_polearm_flooded_kennysheep, bailey

Skill      XL: |  1  2  3  4  5  6  7  8  9 |
---------------+----------------------------+-----
Axes           | 3 4 6 8 9 |  9.3
Stealth        | 1 |  1.8
Armour         | 3 4 5 6 7 |  7.0
Dodging        | 2 3 |  3.5
Fighting       | 4 5 6 |  6.7

Action                     |  1- 3 |  4- 6 |  7- 9 || total
---------------------------+-------+-------+-------++-------
  Melee: Hand axe          |   115 |   175 |   382 ||   672
         Punch             |     2 |     3 |     6 ||    11
 Invoke: Berserk           |       |     2 |     6 ||     8
         Trog's Hand       |       |     1 |     4 ||     5
    Use: Scroll            |     6 |     2 |     3 ||    11
   Stab: Sleeping          |     2 |       |       ||     2
 Armour: Animal skin       |    28 |       |       ||    28
         Scale mail        |    51 |   164 |   386 ||   601
  Dodge: Dodged            |    67 |    94 |   324 ||   485

Table legend: (Time is in decaauts)
 A = Elapsed time spent in this place.
 B = Non-inter-level travel time spent in this place.
 C = Inter-level travel time spent in this place.
 D = Time resting spent in this place.
 E = Time spent auto-exploring this place.
 F = Levels seen in this place.
 G = Mean time per level.
                   A        B        C        D        E       F      G
               +--------+--------+--------+--------+--------+-----+--------+
         Total |   6702 |   6539 |    163 |     70 |   4694 |   9 |  744.7 |
       Dungeon |   6546 |   6383 |    163 |     70 |   4652 |   8 |  818.2 |
        Bailey |    156 |    156 |      0 |      0 |     42 |   1 |  156.0 |
               +--------+--------+--------+--------+--------+-----+--------+

Top non-repeatable levels by time:
     D:1: 1100 daAuts
     D:3: 1078 daAuts
     D:5: 1067 daAuts
     D:7: 916 daAuts
     D:4: 826 daAuts
     D:6: 663 daAuts
     D:2: 532 daAuts
     D:8: 360 daAuts
  Bailey: 156 daAuts
